 Dungeon Crawl Stone Soup version 0.26-a0-597-gb535b0901c (webtiles) character file.

Game seed: 10860138210806006956

17352 Apogee the Fighter (level 12, 16/108 HPs)
             Began as a Merfolk Gladiator on Sept 11, 2020.
             Was a High Priest of Sif Muna.
             Quit the game on level 1 of the Lair of Beasts.
             The game lasted 00:34:31 (18727 turns).

Apogee the Fighter (Merfolk Gladiator)             Turns: 18727, Time: 00:34:31

Health: 16/108     AC: 13    Str: 14    XL:     12   Next: 47%
Magic:  19/19      EV: 11    Int: 13    God:    Sif Muna [*****.]
Gold:   241        SH: 10    Dex: 15    Spells: 14/20 levels left

rFire    . . .     SeeInvis .   H - +1 spear (venom)
rCold    + . .     Faith    .   F - +0 buckler
rNeg     . . .     Spirit   .   u - +3 chain mail
rPois    .         Reflect  +   c - +0 helmet
rElec    .         Harm     .   (no cloak)
rCorr    .                      D - +0 pair of gloves
MR       +....                  (no boots)
Stlth    ..........             i - amulet of reflection
HPRegen  0.28/turn              l - ring of protection from magic
MPRegen  0.16/turn              o - ring of protection from cold

@: mighty, seriously poisoned (16 -> 4)
A: change form in water, swift swim, stealthy swim
a: Channel Magic, Forget Spell, Divine Exegesis, Renounce Religion


You were on level 1 of the Lair of Beasts.
You worshipped Sif Muna.
Sif Muna was extremely pleased with you.
You visited 2 branches of the dungeon, and saw 11 of its levels.

You collected 656 gold pieces.
You spent 415 gold pieces at shops.

Inventory:

Hand Weapons
 H - a +1 spear of venom (weapon)
   (You took it off a gnoll on level 5 of the Dungeon)
Missiles
 a - 2 throwing nets {!f}
 y - 206 stones (quivered)
Armour
 c - a +0 helmet (worn)
 k - a +0 kite shield
   (You took it off a hobgoblin on level 2 of the Dungeon)
 u - a +3 chain mail (worn)
   (You found it on level 4 of the Dungeon)
 D - a +0 pair of gloves (worn)
   (You found it on level 7 of the Dungeon)
 F - a +0 buckler (worn)
   (You bought it in a shop on level 7 of the Dungeon)
Jewellery
 i - an amulet of reflection (around neck)
   (You found it on level 3 of the Dungeon)
 l - a ring of protection from magic (left hand)
   (You found it on level 3 of the Dungeon)
 o - a ring of protection from cold (right hand)
   (You found it on level 8 of the Dungeon)
Wands
 v - a wand of digging (4)
   (You found it on level 8 of the Dungeon)
Scrolls
 g - 5 scrolls of remove curse {@r2}
 j - 9 scrolls of teleportation {@r4}
 n - a scroll of enchant weapon {unknown}
 r - 3 scrolls of amnesia {unknown}
 A - a scroll of fog
 B - a scroll of fear {unknown}
 E - a scroll of magic mapping {unknown}
 G - 2 scrolls of immolation {unknown}
 K - a scroll of enchant armour {unknown}
Potions
 b - a potion of ambrosia
 p - 3 potions of stabbing
 q - 3 potions of degeneration {!q}
 s - a potion of cancellation
 z - a potion of lignification {unknown}
 C - a potion of resistance {unknown}
 L - 2 potions of brilliance
 M - a potion of flight {unknown}


   Skills:
 + Level 14.4 Fighting
 - Level 12.0 Polearms
 - Level 2.0 Throwing
 - Level 11.2 Dodging
 - Level 1.2 Stealth
 - Level 5.0 Shields
 + Level 4.7 Spellcasting
 + Level 1.9 Conjurations
 - Level 4.0 Translocations
 - Level 1.0 Evocations


You had 14 spell levels left.
You knew the following spells:

 Your Spells              Type           Power        Failure   Level
b - Blink                 Tloc           N/A          86%         2
x - Iskenderun's Mystic   Conj/Tloc      ##......     100%        4

Your spell library contained the following spells:

 Spells                   Type           Power        Failure   Level
 Magic Dart               Conj           #...         95%         1
 Call Imp                 Summ           #.......     100%        2
 Slow                     Hex            #.......     100%        2
 Conjure Flame            Conj/Fire      #.......     100%        3
 Mephitic Cloud           Conj/Pois/Air  #.......     100%        3
 Summon Guardian Golem    Hex/Summ       #.......     100%        3
 Irradiate                Conj/Tmut      #.........   100%        5
 Freezing Cloud           Conj/Ice/Air   #.........   100%        6
 Hydra Form               Tmut           #.........   100%        6
 Statue Form              Tmut/Erth      #........    100%        6
 Dragon Form              Tmut           #.........   100%        7
 Dragon's Call            Summ           #.........   100%        9


Dungeon Overview and Level Annotations

Branches:
Dungeon (10/15)            Temple (0/1) D:5            Lair (1/6) D:9
    Orc (0/2) D:10

Altars:
Cheibriados
Fedhas
Gozag
Sif Muna
Wu Jian
Zin

Shops:
D:6 =?   D:7 (*?[:

Annotations:
D:3 1 runed translucent door, Crazy Yiuf
D:10 3 runed translucent doors, Brandom's ghost, journeyman PaDe


Message History

You closely miss the water moccasin. The water moccasin misses you.
You hit the water moccasin. You hit the water moccasin.
You kill the water moccasin!
Sif Muna accepts your kill.
You see here a yak corpse.
You swing at nothing.
You swing at nothing.
You barely miss the cane toad. You puncture the cane toad!
The cane toad stings you!
* * * LOW HITPOINT WARNING * * *
You barely miss the cane toad. The cane toad stings you!
* * * LOW HITPOINT WARNING * * *
You barely miss the cane toad.
Okay, then.
You feel very mighty all of a sudden. The cane toad stings you!
* * * LOW HITPOINT WARNING * * *
You hit the cane toad but do no damage. The cane toad completely misses you.
You puncture the cane toad! The cane toad barely misses you.
You puncture the cane toad!
The cane toad looks as sick as possible!
You hit the cane toad. The cane toad closely misses you.
You kill the cane toad!
Sif Muna accepts your kill.
You see here a komodo dragon corpse.
You see here a yak corpse.
You start resting.
A cane toad comes into view.
You see here a komodo dragon corpse.
You start resting.
A cane toad is nearby!
The cane toad croaks.
Okay, then.
Okay, then.
Okay, then.
Throwing (i - inventory. (/) - cycle)
y - 207 stones (quivered)
Aim: a cane toad You throw a stone.
The stone hits the cane toad but does no damage.
The cane toad stings you!
* * * LOW HITPOINT WARNING * * *
You are lethally poisoned!
The cane toad poisons you!
You feel much better.
You feel sick. The cane toad stings you.
* * * LOW HITPOINT WARNING * * *
You barely miss the cane toad.
You feel sick. The cane toad stings you.
* * * LOW HITPOINT WARNING * * *
It is impossible to cast this spell (100% risk of failure)!
A cane toad is nearby!

...Y....# ........# #†##
#..# ##.## ####P.## ###
#.##...###
##.######.#####.........
#P.....@F........#######
#...#.#########..## # #
######..P# ###..†††..##
.#####....###..#
..........# ##....
.....F...## #.##.#
.##.####.## #.# # #
##..##.#.#


You could see a cane toad.

Vanquished Creatures
  2 hydras (Lair:1)
  2 two-headed ogres (D:8)
  3 death yaks (D:8)
  An ugly thing (D:8)
  2 cane toads (Lair:1)
  A komodo dragon (Lair:1)
  A hornet (D:10)
  Grinder (D:3)
  2 slime creatures
  4 hippogriffs
  18 yaks
  4 wyverns
  A human (D:10)
  A warg (D:10)
  2 water moccasins
  2 porcupines (D:9)
  4 orc warriors
  2 necrophages (D:7)
  5 ice beasts
  A black bear (D:8)
  3 sky beasts
  A crocodile (Lair:1)
  5 ogres
  4 centaurs
  6 big kobolds
  5 bullfrogs
  A wyvern zombie (D:8)
  2 scorpions
  6 killer bees (D:8)
  15 wights
  3 howler monkeys
  A bullfrog zombie (D:8)
  7 jellies
  4 hounds
  12 orc priests
  15 orc wizards
  2 centaur skeletons
  A gnoll shaman (D:6)
  2 iguanas
  Terence (D:3)
  Natasha (thrice) (D:3)
  9 worker ants
  A hound zombie (D:5)
  2 hound skeletons
  A howler monkey zombie (D:9)
  A worker ant zombie (D:9)
  10 adders
  15 gnolls
  A howler monkey skeleton (D:4)
  6 white imps
  An ufetubus (D:8)
  4 oozes
  3 adder skeletons
  3 worms
  3 dart slugs
  4 leopard geckos
  59 orcs
  5 bats
  2 giant cockroaches
  9 hobgoblins
  9 jackals
  7 quokkas
  8 frilled lizards
  4 goblins
  3 jackal skeletons
  39 kobolds
  A leopard gecko skeleton (D:3)
  11 rats
379 creatures vanquished.

Vanquished Creatures (others)
  3 orcs (D:5)
  A bush (Lair:1)
  9 fungi
  11 plants (Lair:1)
  10 toadstools (D:6)
34 creatures vanquished.

Grand Total: 413 creatures vanquished

Notes
Turn   | Place    | Note
-------+----------+-------------------------------------------
     0 | D:1      | Apogee the Merfolk Gladiator began the quest for the Orb.
     0 | D:1      | Reached XP level 1. HP: 16/16 MP: 1/1
   179 | D:1      | Reached XP level 2. HP: 23/23 MP: 2/2
   379 | D:1      | Found a shimmering blue altar of Sif Muna.
   401 | D:1      | Became a worshipper of Sif Muna the Loreminder
   820 | D:1      | Reached skill level 5 in Polearms
   860 | D:1      | Reached XP level 3. HP: 28/28 MP: 3/3
  1352 | D:2      | Found a snail-covered altar of Cheibriados.
  1376 | D:2      | Reached skill level 3 in Fighting
  1492 | D:2      | Reached XP level 4. HP: 26/35 MP: 4/4
  1669 | D:2      | Reached * piety under Sif Muna
  1861 | D:2      | Reached skill level 5 in Dodging
  2108 | D:2      | Found a faded altar of an unknown god.
  2314 | D:3      | Noticed Terence
  2327 | D:3      | Reached XP level 5. HP: 41/41 MP: 5/5
  2353 | D:3      | Killed Terence
  2560 | D:3      | Noticed a hippogriff
  2578 | D:3      | Killed a hippogriff
  2578 | D:3      | Reached skill level 4 in Fighting
  2578 | D:3      | Reached XP level 6. HP: 30/49 MP: 6/6
  2792 | D:3      | Found a blossoming altar of Fedhas.
  2956 | D:3      | Noticed Grinder
  3083 | D:4      | Reached XP level 7. HP: 5/55 MP: 7/7
  3093 | D:4      | Reached skill level 5 in Fighting
  3561 | D:4      | Reached ** piety under Sif Muna
  4029 | D:3      | Paralysed by Grinder for 6 turns
  4042 | D:3      | Killed Grinder
  4292 | D:3      | Noticed Natasha
  4299 | D:3      | Killed Natasha
  4347 | D:3      | Found a runed translucent door.
  4348 | D:3      | Noticed Crazy Yiuf
  4374 | D:3      | Noticed Natasha
  4396 | D:3      | Killed Natasha
  4396 | D:3      | Reached XP level 8. HP: 41/64 MP: 8/8
  4596 | D:3      | Found a shimmering blue altar of Sif Muna.
  4596 | D:3      | Found an ornate altar of the Wu Jian Council.
  4696 | D:3      | Noticed Natasha
  4706 | D:3      | Killed Natasha
  4706 | D:3      | Reached skill level 6 in Fighting
  5190 | D:5      | Entered Level 5 of the Dungeon
  5685 | D:5      | Found a staircase to the Ecumenical Temple.
  5953 | D:5      | Reached *** piety under Sif Muna
  6181 | D:5      | Reached skill level 7 in Fighting
  6567 | D:6      | Found Bacw's Jewellery Boutique.
  6722 | D:6      | Reached skill level 10 in Polearms
  6796 | D:6      | Reached XP level 9. HP: 40/72 MP: 9/9
  7479 | D:6      | Found Duloh's Magic Scroll Boutique.
  7583 | D:6      | Reached skill level 8 in Fighting
  7583 | D:6      | Reached skill level 10 in Dodging
  8083 | D:6      | HP: 2/74 [large slime creature (32)]
  8947 | D:6      | Found a glowing silver altar of Zin.
  8968 | D:6      | Bought a scroll of fog for 24 gold pieces
  9115 | D:7      | Found Xorchoim's Magic Scroll Boutique.
  9126 | D:7      | Found Ymistahi's General Store.
  9429 | D:7      | Identified the cursed +1 robe of the Hart {Harm Str-3
                  | Int+6}
  9779 | D:7      | Reached **** piety under Sif Muna
 10055 | D:6      | Reached skill level 9 in Fighting
 10064 | D:6      | Reached XP level 10. HP: 54/81 MP: 10/10
 10600 | D:7      | Found Jareah's Antique Armour Shop.
 10603 | D:7      | Bought a buckler for 153 gold pieces
 10611 | D:7      | Found Mazeeng's Book Emporium.
 10744 | D:7      | Found Zoidghaf's Weapon Boutique.
 10933 | D:7      | Reached skill level 1 in Stealth
 11199 | D:8      | Reached skill level 1 in Shields
 11199 | D:8      | Reached skill level 1 in Evocations
 12257 | D:8      | Reached skill level 5 in Shields
 12495 | D:8      | Learned a level 2 spell: Blink
 12513 | D:8      | Noticed a two-headed ogre
 12610 | D:8      | Killed a two-headed ogre
 12610 | D:8      | Reached skill level 1 in Spellcasting
 12610 | D:8      | Reached skill level 1 in Translocations
 12974 | D:8      | Noticed a two-headed ogre
 13050 | D:8      | Killed a two-headed ogre
 13050 | D:8      | Reached skill level 10 in Fighting
 13301 | D:8      | Noticed a cyan ugly thing
 13387 | D:8      | Killed a cyan ugly thing
 13387 | D:8      | Reached XP level 11. HP: 47/90 MP: 14/14
 13726 | D:9      | Noticed a death yak
 13840 | D:8      | Reached ***** piety under Sif Muna
 13949 | D:8      | Identified Sif Muna's Catalogue of the Damaging Escort (Sif
                  | Muna gifted it to you on level 8 of the Dungeon)
 13949 | D:8      | Received a gift from Sif Muna
 14547 | D:9      | Reached skill level 11 in Fighting
 14886 | D:9      | Noticed a death yak
 14886 | D:9      | Noticed a death yak
 14981 | D:8      | Killed a death yak
 15188 | D:8      | Killed a death yak
 15328 | D:8      | Killed a death yak
 15515 | D:9      | Found a staircase to the Lair.
 15924 | D:10     | Entered Level 10 of the Dungeon
 15938 | D:10     | Reached skill level 12 in Fighting
 15997 | D:10     | Paralysed by a hornet for 2 turns
 16489 | D:10     | Reached skill level 13 in Fighting
 16664 | D:10     | Found a staircase to the Orcish Mines.
 16780 | D:10     | Got an ichor-stained short sword
 16781 | D:10     | Identified the +8 short sword "Ubypsi" {venom, *Drain rN+
                  | Int+4} (You found it on level 10 of the Dungeon)
 16789 | D:10     | Found a runed translucent gate.
 16794 | D:10     | Found a runed translucent gate.
 16794 | D:10     | Found an opulent altar of Gozag.
 16795 | D:10     | Found a runed translucent gate.
 16797 | D:10     | Noticed Brandom's ghost (journeyman PaDe)
 16860 | D:10     | Reached XP level 12. HP: 88/105 MP: 18/18
 17614 | D:7      | Bought a heavily runed leather armour for 238 gold pieces
 17624 | D:7      | Identified the +1 leather armour of the End {Harm Dex+2}
                  | (You bought it in a shop on level 7 of the Dungeon)
 17704 | Lair:1   | Entered Level 1 of the Lair of Beasts
 17753 | Lair:1   | Noticed a five-headed hydra
 17774 | Lair:1   | Killed a five-headed hydra
 18061 | Lair:1   | Reached skill level 14 in Fighting
 18259 | Lair:1   | Learned a level 4 spell: Iskenderun's Mystic Blast
 18582 | Lair:1   | Noticed a six-headed hydra
 18610 | Lair:1   | Killed a six-headed hydra
 18610 | Lair:1   | Reached skill level 1 in Conjurations
 18630 | Lair:1   | Received a gift from Sif Muna
 18727 | Lair:1   | Quit the game

Illustrated notes

Levels and vault maps discovered:
D:1:      minmay_arrival_widening_spiral_narrow, layout_basic,
          minmay_hexomino_r4
D:2:      layout_basic, kennysheep_slug_shrine, chequers_ecumenical_altar_grove
D:3:      layout_rooms, gammafunk_temple_overflow_wave, serial_undead,
          serial_undead_b, serial_undead_c, serial_undead_b, serial_undead_c,
          fedhas_altar_2, uniq_terence, uniq_crazy_yiuf_cottage, uniq_grinder,
          uniq_natasha
D:4:      layout_basic
D:5:      layout_loops_ring, minmay_temple_entry_offerings, nrook_mini_vaults,
          lemuel_flame_loot_1
D:6:      cheibrodos_fertilizer, layout_basic, old_standard_altar, serial_shops,
          shop, kennysheep_doodads, chequers_serial_rivers_micro_b,
          grunt_decor_resistance, minmay_shop_enchanted_jewellery
D:7:      layout_basic, serial_shops,
          nicolae_shop_temple_entry_statues_fountains,
          nicolae_shop_behind_doors, shop, nicolae_shop_trees,
          kennysheep_little_box, minmay_misc_feat_more_columns
D:8:      layout_basic
D:9:      layout_cave_pools, dpeg_lair_monsters
D:10:     layout_basic, erik_orc_4, ebering_ghost_gozag
Lair:1:   layout_loops_ring, columned_hall_lemuel,
          chequers_serial_rivers_large_a, chequers_serial_rivers_micro_b

Skill      XL: |  1  2  3  4  5  6  7  8  9 10 11 12 |
---------------+-------------------------------------+-----
Polearms       | 5 6 7 8 10 11 12 | 12.0
Fighting       | 3 4 5 7 9 10 13 14 | 14.4
Dodging        | 5 6 7 9 11 | 11.2
Stealth        | 1 |  1.2
Shields        | 5 |  5.0
Evocations     | 1 |  1.0
Spellcasting   | 2 4 |  4.7
Translocations | 2 4 |  4.0
Conjurations   | 1 |  1.9
Throwing       | |  2.0

Action                   |  1- 3 |  4- 6 |  7- 9 | 10-12 || total
-------------------------+-------+-------+-------+-------++-------
Melee: Trident           |   106 |    89 |       |       ||   195
       Spear             |       |    71 |   799 |  1249 ||  2119
Throw: Throwing net      |       |     1 |     1 |       ||     2
       Stone             |       |       |       |     6 ||     6
Evoke: Wand              |       |       |     3 |    12 ||    15
  Use: Potion            |       |     2 |     1 |     6 ||     9
       Scroll            |       |       |       |    13 ||    13
 Stab: Sleeping          |     2 |       |       |       ||     2
       Held in net/web   |       |     1 |       |       ||     1
       Distracted        |       |       |     1 |       ||     1
       Invisible         |       |       |       |     4 ||     4
Armor: Leather armour    |    17 |     7 |       |     2 ||    26
       Scale mail        |       |    20 |       |       ||    20
       Chain mail        |       |    12 |   208 |   262 ||   482
Dodge: Dodged            |    74 |    67 |   210 |   330 ||   681
Block: Buckler           |       |       |       |   151 ||   151

Table legend: (Time is in decaauts)
 A = Elapsed time spent in this place.
 B = Non-inter-level travel time spent in this place.
 C = Inter-level travel time spent in this place.
 D = Time resting spent in this place.
 E = Time spent auto-exploring this place.
 F = Levels seen in this place.
 G = Mean time per level.
                   A        B        C        D        E       F      G
               +--------+--------+--------+--------+--------+-----+--------+
         Total |  17836 |  17141 |    695 |   3967 |   9537 |  11 | 1621.5 |
       Dungeon |  16903 |  16208 |    695 |   3615 |   9119 |  10 | 1690.3 |
          Lair |    933 |    933 |      0 |    351 |    417 |   1 |  933.0 |
               +--------+--------+--------+--------+--------+-----+--------+

Top non-repeatable levels by time:
     D:8: 3616 daAuts
     D:6: 3153 daAuts
     D:3: 1574 daAuts
     D:7: 1485 daAuts
    D:10: 1454 daAuts
     D:4: 1225 daAuts
     D:1: 1167 daAuts
     D:2: 1144 daAuts
     D:5: 1091 daAuts
     D:9: 990 daAuts
  Lair:1: 933 daAuts
